 Dungeon Crawl Stone Soup version 0.30.1 (webtiles) character file.

Game seed: 8988802293198758602

25925 DemonSlayer the Thaumaturge (level 12, -1/82 HPs)
             Began as a Demonspawn Earth Elementalist on July 1, 2023.
             Was a Priest of Dithmenos.
             Killed from afar by an ice dragon (41 damage)
             ... with a blast of cold
             ... on level 3 of the Lair of Beasts.
             The game lasted 00:40:30 (14316 turns).

DemonSlayer the Thaumaturge (DsEE)                 Turns: 14316, Time: 00:40:31

Health: -1/82      AC: 11    Str:  8    XL:     12   Next: 93%
Magic:  0/36       EV: 15    Int: 26    God:    Dithmenos [***...]
Gold:   1205       SH:  0    Dex: 19    Spells: 16/34 levels left

rFire   . . .        x - +4 dagger (venom)
rCold   . . .        (no shield)
rNeg    . . .        h - +2 robe {Archmagi}
rPois   .            s - +3 crown of Dyrovepreva {rElec Int+2 SInv}
rElec   +            B - +2 cloak
rCorr   .            f - +0 pair of gloves
SInv    +            (no boots)
Will    .....        (no amulet)
Stlth   +++++++      r - ring "Noukhu" {MP+9 Int+7}
HPRegen 0.33/turn    J - +4 ring of slaying
MPRegen 0.50/turn

%: guardian spirit, archmagi
@: wreathed by umbra
A: claws 2, magic shield, magic regeneration, demonic magic 1
a: Renounce Religion, Shadow Step


You were on level 3 of the Lair of Beasts.
You worshipped Dithmenos.
Dithmenos was most pleased with you.
You visited 2 branches of the dungeon, and saw 14 of its levels.

You collected 1689 gold pieces.
You spent 484 gold pieces at shops.

Inventory:

Hand Weapons
 x - a +4 dagger of venom (weapon)
Missiles
 o - 3 throwing nets
 P - 2 curare-tipped darts
Armour
 f - a +0 pair of gloves (worn)
 h - a +2 robe of the Archmagi (worn)
 s - the +3 crown of Dyrovepreva (worn) {rElec Int+2 SInv}
   (You acquired it on level 4 of the Lair of Beasts)

   Int:       It affects your intelligence (+2).
   rElec:     It insulates you from electricity.
   SInv:      It lets you see invisible.
 A - a +2 leather armour of fire resistance
 B - a +2 cloak (worn)
Jewellery
 b - a ring of resist corrosion
 r - the ring "Noukhu" (left hand) {MP+9 Int+7}
   (You found it on level 3 of the Dungeon)

   [ring of magical power]

   Int:       It affects your intelligence (+7).
   MP:        It affects your magic capacity (+9).
 G - a ring of protection from fire
 J - a +4 ring of slaying (right hand)
 L - a +5 ring of evasion
Wands
 p - a wand of quicksilver (8)
 v - a wand of iceblast (37)
 F - a wand of polymorph (24)
 K - a wand of paralysis (7)
 M - a wand of digging (15)
Scrolls
 a - 2 scrolls of blinking
 d - a scroll of magic mapping
 e - 3 scrolls of immolation
 g - 6 scrolls of vulnerability
 n - 4 scrolls of fear
 y - 2 scrolls of noise {unknown}
 z - 2 scrolls of poison {unknown}
 C - a scroll of summoning
 D - a scroll of enchant armour
 I - a scroll of amnesia
Potions
 c - 3 potions of brilliance
 i - 3 potions of curing
 j - 5 potions of flight
 k - 2 potions of might {unknown}
 l - 6 potions of heal wounds {unknown}
 m - a potion of lignification {unknown}
 q - a potion of berserk rage
 u - a potion of attraction {unknown}
 E - a potion of cancellation {unknown}
 H - 2 potions of mutation {unknown}
 N - a potion of invisibility {unknown}


   Skills:
 + Level 3.6 Fighting
 + Level 3.6 Short Blades
 + Level 2.9 Maces & Flails
 + Level 4.8 Dodging
 + Level 10.4 Stealth
 + Level 0.4 Unarmed Combat
 + Level 11.6 Spellcasting
 + Level 7.0 Conjurations
 + Level 0.8 Transmutations
 + Level 10.3 Earth Magic


You had 16 spell levels left.
You knew the following spells:

 Your Spells              Type           Power      Damage    Failure   Level
a - Sandblast             Erth           100%       2d20      1%          1
b - Passwall              Tmut/Erth      50%        N/A       1%          2
c - Stone Arrow           Conj/Erth      100%       3d13      1%          3
d - Ignite Poison         Fire/Tmut/Pois 24%        N/A       11%         3
e - Petrify               Tmut/Erth      60%        N/A       3%          4
f - Borgnjor's Vile Clut  Necr/Erth      29%        N/A       13%         5

Your spell library contained the following spells:

 Spells                   Type           Power      Damage    Failure   Level
 Static Discharge         Conj/Air       100%       2-7/arc   1%          2
 Apportation              Tloc           44%        N/A       4%          1
 Necrotise                Necr           88%        1d8       4%          1
 Summon Small Mammal      Summ           88%        N/A       4%          1
 Cigotuvi's Dreadful Rot  Necr/Pois/Air  44%        N/A       6%          2
 Sticky Flame             Conj/Fire      50%        2d7       9%          4
 Tukima's Dance           Hex            22%        N/A       12%         3
 Airstrike                Air            11%        2d(2-18)  36%         4
 Olgreb's Toxic Radiance  Pois           22%        N/A       36%         4
 Passage of Golubria      Tloc           22%        N/A       36%         4
 Summon Lightning Spire   Summ/Air       22%        N/A       36%         4
 Freezing Cloud           Conj/Ice/Air   20%        6-21      38%         5
 Alistair's Intoxication  Tmut/Pois      16%        N/A       67%         5
 Yara's Violent Unravell  Hex/Tmut       12%        3d7       67%         5
 Eringya's Noxious Bog    Tmut/Pois      12%        N/A       99%         6
 Discord                  Hex            11%        N/A       100%        8
 Ignition                 Fire           11%        3d5       100%        8


Dungeon Overview and Level Annotations

Branches:
Dungeon (9/15)             Temple (0/1) D:7            Lair (5/5) D:8
 Shoals (0/4) Lair:2        Snake (0/4) Lair:3        Slime (0/5) Lair:5
    Orc (0/2) D:9

Altars:
Dithmenos
Fedhas
Kikubaaqudgha
Makhleb
Ru
Trog
Uskayaw
Vehumet
Wu Jian
Xom

Shops:
D:6 *


Innate Abilities, Weirdness & Mutations

You have very sharp fingernails.
When hurt, damage is shared between your health and your magic reserves.
You regenerate magic rapidly.
Spells you cast may paralyse adjacent enemies.


Message History

You stick the yak like a pincushion!!!
You kill the yak!
Dithmenos accepts your kill.
You feel a surge of power!
The stone arrow hits the polar bear!
The polar bear is moderately wounded.
Malevolent energies surge around you.
You feel a surge of power!
The stone arrow misses the polar bear.
The stone arrow hits the polar bear!
The polar bear is severely wounded.
Malevolent energies surge around you. The polar bear bites you!
The polar bear claws you but does no damage.
The polar bear barely misses you. The ice dragon breathes frost at you.
The blast of cold hits the polar bear!
The polar bear resists.
The blast of cold hits you!!
The polar bear growls angrily.
You feel a surge of power!
The stone arrow hits the polar bear!!
The polar bear is severely wounded.
Malevolent energies surge around you.
The polar bear suddenly stops moving!
The helpless polar bear fails to defend itself.
You stick the polar bear like a pincushion!!!
You kill the polar bear!
Dithmenos accepts your kill.
You feel a surge of power!
The stone arrow hits the ice dragon!!
The ice dragon is moderately wounded.
Malevolent energies surge around you. The ice dragon bites you.
The ice dragon claws you! The ice dragon closely misses you.
You are too injured to fight recklessly!
Casting: Stone Arrow (safe; 1% risk of failure)
Confirm with . or Enter, or press ? or * to list all spells.
Aiming: Stone Arrow (safe; 1% risk of failure)
Press: ? - help, Shift-Dir - straight line, f/p - ice dragon
Aim: an ice dragon (moderately wounded, umbra, 84% to hit)
You feel a surge of power!
The stone arrow hits the ice dragon!
The ice dragon is moderately wounded.
Malevolent energies surge around you. The ice dragon breathes frost at you.
The blast of cold hits you!!!
Ouch! That really hurt!
You die...

### #######.####### ###
..#.#P..#.#.#.#### ##.#####
<...<.P..........# #.......
......##..#P######*****#*###P..#.
#...######### ### *,*...** ####..
#..## ### ##.###.....,* ###..
#..## #.###.#@DhY....,*###.##.
#...#######...####h#....,*#..##..
#....##P.....## **#*,,.**#......
#............#######*****##......
#...#.....P..##.#..### #.#.....
....##.##.......P....## ###.....
...##...##............# ##.....
..##≈..≈###..........## #......
.##≈≈§.≈≈##..........# ##.....


You could see an ice dragon (catching breath), 2 polar bears and a yak.

Vanquished Creatures
  3 two-headed ogres (D:8)
  A death yak (Lair:4)
  Urug (Lair:2)
  Sonja (Lair:2)
  A skyshark (Lair:4)
  Amaemon (Lair:2)
  Pikel (D:6)
  A salamander (Lair:3)
  11 elephants
  A merfolk siren (Lair:2)
  An orange demon (Lair:2)
  A gargoyle (D:8)
  2 cane toads
  5 komodo dragons
  2 rime drakes (Lair:2)
  The ghost of cdecastro the Trooper, an amateur MiHu (D:3)
  5 polar bears
  14 blink frogs
  Grinder (D:5)
  4 dream sheep (Lair:3)
  24 yaks
  3 basilisks
  8 water moccasins
  3 orc warriors
  An ice beast (D:7)
  2 sky beasts
  3 black bears
  4 ogres
  4 boggarts (Lair:4)
  2 wolves
  2 centaurs (D:9)
  A lemure (D:6)
  2 phantoms
  Blork the orc (D:6)
  9 bullfrogs
  A kobold brigand (D:3)
  A gnoll sergeant (D:6)
  4 scorpions
  A killer bee (D:8)
  8 howler monkeys
  2 lava snakes (Lair:3)
  3 jellies
  2 hounds
  5 orc priests
  Natasha (thrice) (D:2)
  5 iguanas
  3 orc wizards
  Robin (D:4)
  12 gnolls
  6 adders
  A shadow imp (D:8)
  2 white imps
  A worm (D:3)
  A dart slug (D:4)
  38 orcs
  4 ball pythons
  3 bats (D:1)
  9 endoplasms
  5 giant cockroaches
  6 goblins
  12 hobgoblins
  3 jackals (D:2)
  11 kobolds
  5 quokkas
  3 frilled lizards (D:1)
  4 rats
292 creatures vanquished.

Notes
Turn   | Place    | Note
-------+----------+-------------------------------------------
     0 | D:1      | DemonSlayer the Demonspawn Earth Elementalist began the
                  | quest for the Orb.
     0 | D:1      | Reached XP level 1. HP: 13/13 MP: 3/3
   256 | D:1      | Gained mutation: Spells you cast may paralyse adjacent
                  | enemies. [demonic ancestry]
   256 | D:1      | Reached XP level 2. HP: 19/19 MP: 1/5
  1025 | D:1      | Learned a level 2 spell: Passwall
  1097 | D:2      | Gained mutation: You regenerate magic rapidly. [demonic
                  | ancestry]
  1097 | D:2      | Reached XP level 3. HP: 18/24 MP: 1/6
  1150 | D:2      | Identified the +3 dagger of Imav {flame, rF+}
  1165 | D:2      | Found a faded altar of an unknown god.
  1473 | D:2      | Noticed Natasha
  1478 | D:2      | Killed Natasha
  1616 | D:2      | Noticed Natasha
  1621 | D:2      | Killed Natasha
  1622 | D:2      | Reached skill level 3 in Spellcasting
  1622 | D:2      | Reached XP level 4. HP: 30/30 MP: 5/8
  1622 | D:2      | Noticed Natasha
  1628 | D:2      | Killed Natasha
  1728 | D:3      | Reached XP level 5. HP: 35/35 MP: 6/10
  1792 | D:3      | Reached skill level 4 in Spellcasting
  1944 | D:3      | Found a sacrificial altar of Ru.
  2007 | D:3      | Identified the ring "Noukhu" {MP+9 Int+7}
  2070 | D:3      | Found a runed translucent gate.
  2070 | D:3      | Found a runed translucent gate.
  2070 | D:3      | Found a runed translucent gate.
  2071 | D:3      | Noticed cdecastro's ghost (amateur MiHu)
  2127 | D:3      | Found a shimmering altar of Xom.
  2175 | D:3      | Gained mutation: When hurt, damage is shared between your
                  | health and your magic reserves. [demonic ancestry]
  2175 | D:3      | Reached XP level 6. HP: 41/41 MP: 10/12
  2545 | D:4      | Learned a level 3 spell: Stone Arrow
  2549 | D:4      | Learned a level 3 spell: Ignite Poison
  2554 | D:4      | Learned a level 4 spell: Petrify
  2717 | D:4      | Reached skill level 1 in Short Blades
  2931 | D:4      | Noticed Robin
  2934 | D:4      | Killed Robin
  2985 | D:4      | Reached XP level 7. HP: 47/47 MP: 13/13
  3037 | D:4      | Found a radiant altar of Vehumet.
  3344 | D:5      | Entered Level 5 of the Dungeon
  3437 | D:5      | Found a blossoming altar of Fedhas.
  3722 | D:5      | Noticed Grinder
  3724 | D:5      | Paralysed by Grinder for 3 turns
  3729 | D:5      | Killed Grinder
  3730 | D:5      | Reached skill level 1 in Fighting
  3730 | D:5      | Reached skill level 5 in Spellcasting
  3730 | D:5      | Reached skill level 5 in Earth Magic
  3772 | D:5      | Reached XP level 8. HP: 49/54 MP: 16/16
  3867 | D:5      | Found an ancient bone altar of Kikubaaqudgha.
  3925 | D:5      | Found a burning altar of Makhleb.
  3929 | D:5      | Noticed an angel
  3929 | D:5      | Noticed a blizzard demon
  4114 | D:6      | Reached skill level 5 in Stealth
  4302 | D:6      | Reached skill level 6 in Spellcasting
  4533 | D:6      | Found Rubroep's Assorted Antiques.
  4541 | D:6      | Bought a glowing cloak for 202 gold pieces
  4775 | D:6      | Noticed Blork the orc
  4784 | D:6      | Killed Blork the orc
  5207 | D:6      | Noticed Pikel
  5281 | D:7      | Found a hide-covered altar of Uskayaw.
  5345 | D:7      | Gained mutation: You have sharp fingernails. [demonic
                  | ancestry]
  5345 | D:7      | Reached XP level 9. HP: 60/60 MP: 19/19
  5550 | D:7      | You fall into a shaft and drop 2 floors!
  5582 | D:9      | Reached skill level 7 in Spellcasting
  5872 | D:8      | Found a shadowy altar of Dithmenos.
  5881 | D:8      | Became a worshipper of Dithmenos the Shadowed
  5892 | D:8      | Found a staircase to the Lair.
  5987 | D:8      | Found the +6 shillelagh "Devastator" {shatter}
  5990 | D:8      | Noticed a two-headed ogre
  5993 | D:8      | Noticed a two-headed ogre
  6073 | D:7      | Found an ornate altar of the Wu Jian Council.
  6105 | D:7      | Reached skill level 8 in Spellcasting
  6301 | D:7      | Found a staircase to the Ecumenical Temple.
  6702 | D:3      | Killed cdecastro's ghost
  6924 | D:6      | Gained mutation: You have very sharp fingernails. [demonic
                  | ancestry]
  6924 | D:6      | Reached XP level 10. HP: 67/67 MP: 22/22
  7190 | D:6      | Bought a dark potion for 24 gold pieces
  7190 | D:6      | Bought an embroidered robe for 99 gold pieces
  7190 | D:6      | Bought an emerald ring for 135 gold pieces
  7190 | D:6      | Bought a coppery potion for 24 gold pieces
  7270 | D:6      | Killed Pikel
  7583 | D:8      | Noticed a gargoyle
  7586 | D:8      | Killed a gargoyle
  7628 | D:8      | Noticed a two-headed ogre
  7634 | D:8      | Killed a two-headed ogre
  7722 | D:8      | Killed a two-headed ogre
  7723 | D:8      | Reached skill level 9 in Spellcasting
  7723 | D:8      | Reached skill level 1 in Conjurations
  7725 | D:8      | Killed a two-headed ogre
  8280 | D:9      | Reached * piety under Dithmenos
  8570 | D:9      | Found a staircase to the Orcish Mines.
  8804 | D:9      | Learned a level 5 spell: Borgnjor's Vile Clutch
  8925 | Lair:1   | Entered Level 1 of the Lair of Beasts
  9290 | Lair:1   | Identified the +3 plate armour of the Wicked God {-Cast
                  | Str+6}
  9420 | Lair:1   | Reached XP level 11. HP: 74/74 MP: 24/24
  9488 | Lair:1   | Found a bloodstained altar of Trog.
  9619 | Lair:1   | Reached skill level 1 in Maces & Flails
 10099 | Lair:2   | Reached ** piety under Dithmenos
 10103 | Lair:2   | Reached skill level 10 in Spellcasting
 10590 | Lair:2   | Noticed Amaemon
 10689 | Lair:2   | Found a staircase to the Shoals.
 10858 | Lair:2   | Killed Amaemon
 11038 | Lair:2   | Noticed Urug
 11044 | Lair:2   | Killed Urug
 11045 | Lair:2   | Reached skill level 5 in Conjurations
 11289 | Lair:2   | Noticed Sonja
 11294 | Lair:2   | Killed Sonja
 11550 | Lair:3   | Reached XP level 12. HP: 81/81 MP: 26/26
 11824 | Lair:3   | Reached skill level 11 in Spellcasting
 11864 | Lair:3   | Found a frozen archway.
 11865 | Lair:3   | Noticed an ice dragon
 11871 | Lair:3   | Found a staircase to the Snake Pit.
 11885 | Lair:3   | HP: 4/81 [wolf (3)]
 11887 | Lair:2   | Reached *** piety under Dithmenos
 12255 | Lair:3   | Reached skill level 10 in Earth Magic
 12538 | Lair:3   | Noticed a death yak
 12539 | Lair:3   | Noticed a death yak
 12539 | Lair:3   | Noticed a death yak
 12829 | Lair:4   | You fall into a shaft and drop 1 floor!
 12829 | Lair:5   | Entered Level 5 of the Lair of Beasts
 12842 | Lair:5   | Noticed a death yak
 12844 | Lair:5   | Noticed a death yak
 12866 | Lair:5   | Noticed a seven-headed hydra
 13091 | Lair:4   | Reached skill level 10 in Stealth
 13694 | Lair:4   | Identified 2 scrolls of acquirement
 13694 | Lair:4   | Acquired 766 gold pieces
 13695 | Lair:4   | Acquired the +3 crown of Dyrovepreva {rElec Int+2 SInv}
 13695 | Lair:4   | Found the +3 crown of Dyrovepreva {rElec Int+2 SInv}
 13791 | Lair:3   | Noticed a death yak
 13792 | Lair:3   | Noticed a death yak
 13993 | Lair:4   | Killed a death yak
 14316 | Lair:3   | Killed from afar by an ice dragon

Illustrated notes

Levels and vault maps discovered:
D:1:      erik_arrival_triangle_medium, layout_basic
D:2:      layout_rooms, ebering_ecumenical_altar_petrified, uniq_natasha
D:3:      wander_river, layout_basic, nicolae_ru_path_of_blood,
          dk_xom_monty_hall, gammafunk_ghost_nasty_kobolds,
          hangedman_decor_points
D:4:      layout_loops_ring, old_standard_altar, minmay_misc_feat_nine_boxes,
          uniq_robin
D:5:      layout_basic, grunt_temple_overflow_order_and_chaos_2,
          mainiacjoe_overflow_concentric_impassable, mainiacjoe_overflow_paths,
          uniq_grinder
D:6:      layout_cave_pods, nicolae_elyvilon_peaceful_grove, serial_shops, shop,
          chequers_mini_garden, nicolae_concentric_dashed_squares_mild,
          uniq_blork_the_orc, uniq_pikel
D:7:      layout_basic, mainiacjoe_overflow_chevrons,
          nicolae_wu_jian_wuxing_cycle, lemuel_temple_firewalk_b
D:8:      layout_basic, grunt_dithmenos_shadows, lair_entry_dummy,
          dk_noncrumbling_4, nicolae_hexahallways, st_stairs_6,
          dilly_guarded_unrand_devastator
D:9:      layout_basic, tso_altar, david_orc_5
Lair:1:   layout_cave_pods, basic_altar, grunt_megastairs_5
Lair:2:   layout_small_grid, minmay_shoals_entry_lonely_mermaid, uniq_urug,
          uniq_sonja, uniq_amaemon
Lair:3:   layout_chaotic_city, nicolae_snake_entry_warm_welcome,
          portal_ice_cave_entry_animals_and_master
Lair:4:   layout_layer_cave, kilobyte_rumbling_trees
Lair:5:   evil_forest, layout_layer_cave, slime_entry_2, columned_hall_lemuel,
          wad_woods_river_01

Skill      XL: |  1  2  3  4  5  6  7  8  9 10 11 12 |
---------------+-------------------------------------+-----
Earth Magic    | 3 4 5 6 7 8 9 10 | 10.3
Stealth        | 2 3 4 5 7 9 10 | 10.4
Spellcasting   | 3 4 5 6 8 9 10 11 | 11.6
Dodging        | 2 3 4 |  4.8
Short Blades   | 1 2 3 |  3.6
Fighting       | 1 2 3 |  3.6
Conjurations   | 2 5 7 |  7.0
Maces & Flails | 2 |  2.9
Unarmed Combat | |  0.4
Transmutations | |  0.8

Action                     |  1- 3 |  4- 6 |  7- 9 | 10-12 || total
---------------------------+-------+-------+-------+-------++-------
  Melee: Unarmed           |     1 |       |     7 |       ||     8
         Dagger            |     3 |       |    45 |    42 ||    90
         Rapier            |     2 |    20 |       |       ||    22
         Punch             |       |       |     1 |       ||     1
         Shillelagh        |       |       |       |    38 ||    38
   Cast: Sandblast         |    46 |    51 |   115 |    14 ||   226
         Stone Arrow       |       |       |       |   203 ||   203
    Use: Scroll            |       |     8 |     7 |     9 ||    24
         Potion            |       |       |     1 |     8 ||     9
   Stab: Sleeping          |     4 |     3 |    14 |    25 ||    46
         Paralysed         |     1 |    12 |    14 |    33 ||    60
         Distracted        |       |     1 |       |       ||     1
 Armour: Robe              |     3 |     7 |    26 |    45 ||    81
  Dodge: Dodged            |     9 |    19 |    56 |    94 ||   178
